 Dungeon Crawl Stone Soup version 0.19.0-20-gbc5f0c6 (webtiles) character file.

9705 Leibowitz the Covert (level 11, -2/97 HPs)
             Began as a Naga Venom Mage on Nov 15, 2016.
             Was a Believer of Sif Muna.
             Slain by an eight-headed hydra (6 damage)
             ... on level 2 of the Lair of Beasts on Nov 16, 2016.
             The game lasted 00:44:33 (10053 turns).

Leibowitz the Covert (Naga Venom Mage)             Turns: 10053, Time: 00:44:34

Health: -2/97      AC: 10    Str:  9    XL:     11   Next: 50%
Magic:  19/19      EV: 10    Int: 19    God:    Sif Muna [**....]
Gold:   448        SH:  0    Dex: 11    Spells: 2 memorised, 17 levels left

rFire  . . .     SeeInvis +     a - +5 rapier (elec)
rCold  + . .     Gourm    .     D - +1 leather armour {MR+}
rNeg   . . .     Faith    .     (no shield)
rPois  +         Spirit   .     m - +0 helmet
rElec  .         Reflect  .     x - +0 cloak
rCorr  .         Harm     .     C - +0 pair of gloves
MR     ++...                    (no barding)
Stlth  ++++......               w - amulet of regeneration
                                (no ring)
                                y - ring of poison resistance (curse)

@: about to teleport, very slow
A: stinger 1, see invisible, cold resistance 1, deformed body, poison
resistance, slowness 2, slow metabolism 1, spit poison 1, weak 1, AC +3
a: Spit Poison, Divine Energy, Renounce Religion


You were on level 2 of the Lair of Beasts.
You worshipped Sif Muna.
Sif Muna was pleased with you.
You were hungry.

You visited 3 branches of the dungeon, and saw 11 of its levels.
You also visited: Sewer.

You collected 714 gold pieces.
You spent 266 gold pieces at shops.

Inventory:

Hand Weapons
 a - a +5 rapier of electrocution (weapon)
 f - a +0 dagger of freezing
 A - a +1 dagger of venom
Armour
 m - a +0 helmet (worn)
 x - a +0 cloak (worn)
 C - a +0 pair of gloves (worn)
 D - a +1 leather armour of magic resistance (worn)
 E - a +1 robe of the Archmagi
Jewellery
 j - an uncursed ring of fire
 w - an amulet of regeneration (around neck)
 y - a cursed ring of poison resistance (left hand)
Wands
 g - a wand of iceblast (6/15)
 z - a wand of teleportation (4/9)
 G - a wand of iceblast (1/15)
Scrolls
 d - 3 scrolls of recharging
 h - 9 scrolls of identify
 l - 6 scrolls of remove curse
 p - 2 scrolls of blinking
 q - a scroll of enchant armour {unknown}
 t - 4 scrolls of magic mapping
 u - 2 scrolls of random uselessness {unknown}
 v - a scroll of summoning {unknown}
 I - a scroll of enchant weapon
Potions
 e - a potion of heal wounds
 n - 2 potions of brilliance
 o - 4 potions of flight
 s - 4 potions of curing
 B - a potion of magic {unknown}
 F - a potion of agility
 J - a potion of cure mutation
Books
 b - a Young Poisoner's Handbook

   Spells                             Type                      Level
   a - Sting                          Conjuration/Poison           1
   b - Mephitic Cloud                 Conjuration/Poison/Air       3
   c - Olgreb's Toxic Radiance        Poison                       4
   d - Alistair's Intoxication        Transmutation/Poison         5
   e - Venom Bolt                     Conjuration/Poison           5
Comestibles
 c - 8 bread rations
 i - 12 fruits
 k - 2 slices of pizza
 r - 3 meat rations
 H - 10 royal jellies


   Skills:
 + Level 5.9 Fighting
 + Level 9.2 Short Blades
 + Level 4.0 Armour
 + Level 4.1 Dodging
 + Level 10.5 Stealth
 + Level 0.6 Unarmed Combat
 + Level 5.7 Spellcasting
 + Level 5.0 Conjurations
 + Level 3.7 Air Magic
 + Level 8.5 Poison Magic


You had 17 spell levels left.
You knew the following spells:

 Your Spells              Type           Power        Failure   Level  Hunger
a - Sting                 Conj/Pois      ####         1%          1    None
b - Mephitic Cloud        Conj/Pois/Air  ####....     6%          3    ##.....


Dungeon Overview and Level Annotations

Branches:
Dungeon (8/15)             Temple (1/1) D:5            Lair (2/6) D:8
  Swamp: Lair:2-4    Shoals: Lair:2-4     Snake: Lair:2-4    Spider: Lair:2-4

Altars:
Ashenzari
Cheibriados
Dithmenos
Elyvilon
Fedhas
Gozag
Hepliaklqana
Kikubaaqudgha
Makhleb
Nemelex Xobeh
Okawaru
Qazlal
Ru
Sif Muna
Trog
Uskayaw
Vehumet
Xom
Yredelemnul
Zin
The Shining One

Shops:
D:4 (   D:6 *[%   D:7 ?


Innate Abilities, Weirdness & Mutations

You cannot wear boots.
Your serpentine skin is tough. (AC +3)
You have supernaturally acute eyesight. (SInv)
Armour fits poorly on your strangely shaped body.
Your system is resistant to poisons. (rPois)
You cover ground very slowly.
You have a slow metabolism.
You can spit poison.
Your tail ends in a poisonous barb.
Your flesh is cold resistant. (rC+)
You are weak. (Str -2)


Message History

The eight-headed hydra barely misses you.
The eight-headed hydra bites you!
* * * LOW HITPOINT WARNING * * *
The eight-headed hydra barely misses you.
The eight-headed hydra bites you!
* * * LOW HITPOINT WARNING * * *
The eight-headed hydra bites you but does no damage.
The eight-headed hydra bites you!
* * * LOW HITPOINT WARNING * * *
You feel much better.
The eight-headed hydra barely misses you.
The eight-headed hydra bites you.
* * * LOW HITPOINT WARNING * * *
The eight-headed hydra bites you.
* * * LOW HITPOINT WARNING * * *
The eight-headed hydra bites you!
* * * LOW HITPOINT WARNING * * *
The eight-headed hydra barely misses you.
The eight-headed hydra bites you.
You die...

.###..### ##
........#####+#####.##
..........##.........#
......P...#..........##
......##...+..........#
......# ####.........#
......# #.........#
......# ##.##D# ......#
#..##@## P..####
#......# ...##.#
##..##..# ......##
#..#.####
.......####......#
........#.#......#
......#..........#
.......#P........#
......###........##


You could see an eight-headed hydra.

Vanquished Creatures
  Pikel (D:4)
  An elephant (D:8)
  A spiny frog (Lair:1)
  3 komodo dragons (Lair:1)
  2 hornets (D:8)
  3 hippogriffs
  13 yaks
  A basilisk (Lair:1)
  3 hungry ghosts
  Menkaure (D:6)
  The ghost of AAAAA the Shield-Bearer, an amateur OpWr (D:3)
  5 water moccasins
  2 porcupines
  2 orc warriors (D:8)
  An ice beast (D:7)
  A necrophage (D:7)
  A sky beast (D:6)
  3 black bears
  A centaur (D:8)
  6 ogres
  4 crocodiles
  Blork the orc (D:4)
  9 bullfrogs
  2 big kobolds
  4 killer bees (D:7)
  A howler monkey (D:5)
  3 crimson imps
  A bullfrog zombie (D:8)
  A quasit (D:8)
  A centaur zombie (D:7)
  4 hounds
  6 orc priests
  An iguana (D:4)
  7 orc wizards
  Natasha (thrice) (D:2)
  7 worker ants
  A killer bee zombie (D:6)
  A hound skeleton (D:4)
  Robin (D:4)
  A worker ant zombie (D:5)
  A river rat (Sewer)
  13 adders
  4 gnolls
  A shadow imp (D:5)
  2 oozes
  An adder skeleton (D:4)
  An adder zombie (D:8)
  2 worms
  2 dart slugs
  8 leopard geckos
  24 orcs
  7 bats
  6 giant cockroaches
  30 goblins
  14 hobgoblins
  13 jackals
  11 kobolds
  2 quokkas
  2 ball pythons
  2 frilled lizards (D:2)
  2 quokka zombies (D:6)
  7 rats
266 creatures vanquished.

Vanquished Creatures (others)
  A slave (D:4)
  An orc wizard (D:4)
  4 orcs (D:4)
  A fungus (Lair:1)
7 creatures vanquished.

Grand Total: 273 creatures vanquished

Notes
Turn   | Place    | Note
-------+----------+-------------------------------------------
     0 | D:1      | Leibowitz the Naga Venom Mage began the quest for the Orb.
     0 | D:1      | Reached XP level 1. HP: 15/15 MP: 3/3
   219 | D:1      | Reached XP level 2. HP: 9/22 MP: 0/5
   507 | D:1      | Found an iron altar of Okawaru.
   661 | D:1      | Reached XP level 3. HP: 28/28 MP: 2/6
   722 | D:1      | Learned a level 3 spell: Mephitic Cloud
  1059 | D:2      | Reached XP level 4. HP: 29/36 MP: 4/7
  1349 | D:2      | Noticed Natasha
  1370 | D:2      | Killed Natasha
  1946 | D:2      | Noticed Natasha
  1975 | D:2      | Killed Natasha
  1975 | D:2      | Reached skill level 1 in Fighting
  1975 | D:2      | Reached skill level 1 in Short Blades
  1975 | D:2      | Reached skill level 1 in Conjurations
  1975 | D:2      | Reached XP level 5. HP: 28/44 MP: 6/9
  2174 | D:2      | Noticed Natasha
  2187 | D:2      | Killed Natasha
  2379 | D:3      | Noticed AAAAA's ghost (amateur OpWr)
  2555 | D:3      | Found a glowing drain.
  2602 | Sewer    | Entered a sewer
  2777 | Sewer    | Noticed a big kobold
  2812 | Sewer    | Killed a big kobold
  2812 | Sewer    | Reached XP level 6. HP: 22/52 MP: 2/10
  2883 | Sewer    | Found a white marble altar of Elyvilon.
  3065 | D:4      | Noticed Robin
  3095 | D:4      | Killed Robin
  3187 | D:4      | Noticed Blork the orc
  3204 | D:4      | Killed Blork the orc
  3223 | D:4      | Reached skill level 4 in Stealth
  3223 | D:4      | Reached XP level 7. HP: 54/60 MP: 8/11
  3363 | D:4      | Reached skill level 1 in Air Magic
  3504 | D:4      | Noticed Pikel
  3522 | D:4      | Killed Pikel
  3522 | D:4      | Reached skill level 5 in Stealth
  3522 | D:4      | Reached XP level 8. HP: 68/68 MP: 8/14
  3635 | D:4      | Found Xioli's Antique Weapon Shoppe.
  3638 | D:4      | Bought a runed rapier for 210 gold pieces
  3879 | D:5      | Entered Level 5 of the Dungeon
  3879 | D:5      | Found a basalt altar of Yredelemnul.
  3884 | D:5      | Found a glowing silver altar of Zin.
  4416 | D:5      | Reached skill level 1 in Armour
  4670 | D:5      | Found a staircase to the Ecumenical Temple.
  4677 | Temple   | Entered the Ecumenical Temple
  4789 | Temple   | Became a worshipper of Sif Muna the Loreminder
  5343 | D:6      | Found Bommorog's Food Emporium.
  5376 | D:6      | Reached skill level 6 in Stealth
  5511 | D:6      | Reached XP level 9. HP: 61/75 MP: 11/15
  5513 | D:6      | Reached skill level 5 in Short Blades
  5665 | D:6      | Found Ofaekh's Assorted Antiques.
  5768 | D:6      | Reached skill level 7 in Stealth
  5871 | D:6      | Found Beifreac's Antique Armour Shoppe.
  5871 | D:6      | Noticed Menkaure
  5873 | D:6      | Killed Menkaure
  6784 | D:3      | Killed AAAAA's ghost
  7165 | D:7      | Found a shattered altar of Ashenzari.
  7542 | D:7      | Reached * piety under Sif Muna
  7555 | D:7      | Reached XP level 10. HP: 85/85 MP: 11/16
  7747 | D:7      | Found Kunasm's Magic Scroll Boutique.
  7752 | D:7      | Bought a scroll of magic mapping for 56 gold pieces
  7786 | D:8      | Reached skill level 8 in Stealth
  7947 | D:8      | Paralysed by a hornet for 3 turns
  8103 | D:8      | Found a staircase to the Lair.
  8103 | D:8      | Noticed an elephant
  8123 | D:8      | Killed an elephant
  8142 | D:8      | Reached skill level 5 in Spellcasting
  8244 | D:8      | Reached ** piety under Sif Muna
  8413 | D:8      | Reached skill level 5 in Fighting
  8543 | D:8      | Reached skill level 9 in Stealth
  8780 | Lair:1   | Entered Level 1 of the Lair of Beasts
  8913 | Lair:1   | Reached XP level 11. HP: 67/96 MP: 14/19
  9055 | Lair:1   | Gained mutation: Your tail ends in a poisonous barb. [potion of mutation]
  9055 | Lair:1   | Gained mutation: Your flesh is cold resistant. (rC+) [potion of mutation]
  9055 | Lair:1   | Gained mutation: You are weak. (Str -2) [potion of mutation]
  9327 | Lair:1   | Reached skill level 10 in Stealth
  9505 | Lair:1   | Found a snail-covered altar of Cheibriados.
  9629 | Lair:1   | Reached skill level 5 in Conjurations
  9899 | Lair:2   | Upgraded the game from 0.19.0-19-g8c6edcc to 0.19.0-20-gbc5f0c6
 10046 | Lair:2   | Noticed an eight-headed hydra
 10052 | Lair:2   | HP: 2/97 [eight-headed hydra (9)]
 10053 | Lair:2   | Slain by an eight-headed hydra

Skill      XL: |  1  2  3  4  5  6  7  8  9 10 11 |
---------------+----------------------------------+-----
Poison Magic   | 6 7 8 |  8.5
Dodging        | 2 3 4 |  4.1
Fighting       | 1 2 3 4 5 |  5.9
Short Blades   | 1 2 3 4 6 8 9 |  9.2
Conjurations   | 1 3 4 5 |  5.0
Spellcasting   | 3 4 5 |  5.7
Stealth        | 4 5 6 7 9 10 | 10.5
Air Magic      | 1 2 3 |  3.7
Armour         | 2 3 4 |  4.0
Unarmed Combat | |  0.6

Action                   |  1- 3 |  4- 6 |  7- 9 | 10-12 || total
-------------------------+-------+-------+-------+-------++-------
Melee: Unarmed           |     6 |       |       |       ||     6
       Dagger            |    54 |   206 |    38 |       ||   298
       Punch             |       |     1 |       |     1 ||     2
       Rapier            |       |       |   238 |   276 ||   514
       Tailslap          |       |       |       |     5 ||     5
 Cast: Sting             |    20 |    28 |    15 |    15 ||    78
       Mephitic Cloud    |     3 |     7 |    23 |    20 ||    53
Evoke: Wand              |       |       |       |     1 ||     1
  Use: Potion            |       |     2 |     5 |     4 ||    11
       Scroll            |       |       |    10 |       ||    10
 Stab: Confused          |     2 |     2 |    11 |    13 ||    28
       Sleeping          |       |     6 |     6 |     2 ||    14
       Distracted        |       |       |       |     1 ||     1
  Eat: Chunk             |       |     7 |    13 |    11 ||    31
       Beef jerky        |       |       |     1 |     3 ||     4
Armor: Robe              |    13 |    63 |       |       ||    76
       Animal skin       |       |     4 |     5 |       ||     9
       Leather armour    |       |       |    95 |    89 ||   184
Dodge: Dodged            |    38 |   133 |   123 |   121 ||   415
